 Dungeon Sprint DCSS version 0.25-a0-992-gca090100c3 (webtiles) character file.

Game seed: 7072264269708014093, levelgen mode: deterministic

57987 jt the Champion of Chaos (level 14, -3/127 HPs)
             Began as a Deep Dwarf Fighter on May 10, 2020.
             Was the Champion of Makhleb.
             Slain by an Ice Fiend (29 damage)
             ... in the Dungeon (Sprint II: "The Violet Keep of Menkaure").
             The game lasted 00:39:04 (3316 turns).

jt the Champion of Chaos (Deep Dwarf Fighter)       Turns: 3316, Time: 00:39:04

Health: -3/127     AC: 32    Str: 24    XL:     14   Next: 47%
Magic:  17/17      EV:  8    Int: 14    God:    Makhleb [******]
Gold:   6686       SH: 16    Dex: 14    Spells: 13/13 levels left

rFire    + . .     SeeInvis +   a - +1 broad axe (vamp)
rCold    . . .     Gourm    +   M - +2 kite shield {AC+3}
rNeg     + . .     Faith    .   Y - +8 orange crystal plate armour {Archmagi, Int+3 Clar}
rPois    .         Spirit   .   (helmet restricted)
rElec    .         Reflect  .   e - scarf {cloud immunity}
rCorr    .         Harm     .   d - +1 pair of gloves {Str+3}
MR       ++...     Clarity  +   (no boots) Stlth ..........NoTele +
                                B - amulet of the gourmand
HPRegen  0.00/turn              O - ring of protection from fire
MPRegen  0.15/turn              j - ring of see invisible

@: non-regenerating, hasted, very quick
A: damage resistance, heal wounds, beak, molten scales 1, agile 1, berserk 1,
blurry vision 1, deformed body, frail 2, low mp 1, negative energy resistance 1,
sense surroundings 2, weak 1, evolution 1, no potion heal 1, no regeneration
0: Orb of Zot
a: Heal Wounds, Minor Destruction, Lesser Servant of Makhleb, Major Destruction,
Greater Servant of Makhleb, Renounce Religion


You were in the Dungeon.
You worshipped Makhleb.
Makhleb was exalted by your worship.
You were completely stuffed.

You visited 1 branch You collected 9745 gold pieces.
You spent 3059 gold pieces at shops.

Inventory:

Hand Weapons
 a - a +1 vampiric broad axe (weapon)
 p - the +4 arbalest of Dividends {penet, rPois rC- MP-9 Str+3}
   (You took it off an orc priest in the Dungeon)

   Ammo fired by it will pass through the targets it hits, potentially hitting
   all targets in its path until it reaches maximum range.
   It affects your strength (+3).
   It makes you vulnerable to cold.
   It protects you from poison.
   It affects your magic capacity (-9).
 w - the +7 long sword "Qiavoziogyu" {freeze, rF+ rC+}
   (You took it off an orc priest in the Dungeon)

   It has been specially enchanted to freeze those struck by it, causing extra
   injury to most foes and up to half again as much damage against particularly
   susceptible opponents.
   It can also slow down cold-blooded creatures.
   It protects you from fire.
   It protects you from cold.
 W - a +1 war axe of flaming
Missiles
 r - 122 stones (quivered)
 D - 8 sling bullets
 H - 3 curare-tipped darts
Armour
 d - a +1 pair of gloves of strength (worn)
 e - a scarf of cloud immunity (worn)
 n - a +0 helmet
 M - a +2 kite shield of protection (worn)
 N - the +3 hat of Pondering {ponderous, MR+ MP+10 Int+5}
   (You took it off Gastronok in the Dungeon)

   It affects your intelligence (+5).
   It affects your resistance to hostile enchantments.
   It affects your magic capacity (+10).
 Y - the +8 orange crystal plate armour (worn) {Archmagi, Int+3 Clar}
   (You found it in the Dungeon)

   It affects your intelligence (+3).
   It protects you against confusion.
Magical Staves
 c - an uncursed staff of earth
 I - an uncursed staff of energy
 P - an uncursed staff of wizardry
Jewellery
 j - a ring of see invisible (right hand)
 s - a +2 ring of protection
 u - a +2 ring of strength
 A - the amulet "Qietics" {Inacc MR+ Str+5 Dex-5}
   (You found it in the Dungeon)

   [amulet of inaccuracy]

   It reduces the accuracy of all your attacks.
   It affects your strength (+5).
   It affects your dexterity (-5).
   It affects your resistance to hostile enchantments.
 B - an amulet of the gourmand (around neck)
 J - an uncursed ring of magical power
 O - a ring of protection from fire (left hand)
 S - the ring of Xom's Ringing Laughter {EV+5 Dex+3}
   (You found it in the Dungeon)

   [ring of evasion]

   It affects your evasion (+5).
   It affects your dexterity (+3).
 U - a +3 ring of dexterity
Wands
 g - a wand of acid (8)
 o - a wand of digging (4)
 Z - a wand of iceblast (3)
Scrolls
 k - 7 scrolls of blinking
 m - 2 scrolls of identify
 q - 2 scrolls of fear
 x - 2 scrolls of remove curse
 C - 3 scrolls of enchant armour
 L - 2 scrolls of fog
Potions
 h - 2 potions of haste
 i - 25 potions of magic
 y - a potion of cancellation
 E - a potion of curing
 K - 3 potions of flight
 R - 29 potions of mutation
Miscellaneous
 b - a lightning rod (4/4)
 l - a phial of floods
 X - a phantom mirror
Comestibles
 f - 6 rations
 t - 10 chunks of flesh


   Skills:
 + Level 19.1 Fighting
 - Level 20.0 Axes
 + Level 14.7 Armour
 - Level 5.0 Dodging
 - Level 15.0 Shields
 + Level 23.1 Invocations
 + Level 18.2 Evocations


You had 13 spell levels left.
You didn't know any spells.
Your spell library contained the following spells:

 Spells                   Type           Power        Failure   Level  Hunger
 Beastly Appendage        Tmut           #.....       100%        1    ##.....
 Foxfire                  Conj/Fire      #...         100%        1    ##.....
 Freeze                   Ice            #...         100%        1    ##.....
 Sting                    Tmut/Pois      #...         100%        1    ##.....
 Ensorcelled Hibernation  Hex/Ice        #.....       100%        2    ###....
 Poisonous Vapours        Pois/Air       #.....       100%        2    ###....
 Song of Slaying          Chrm           #.......     100%        2    ###....
 Sticks to Snakes         Tmut           #.......     100%        2    ###....
 Frozen Ramparts          Ice            #.....       100%        3    ####...
 Ignite Poison            Fire/Tmut/Pois #.......     100%        3    ####...
 Inner Flame              Hex/Fire       #.......     100%        3    ####...
 Mephitic Cloud           Conj/Pois/Air  #.......     100%        3    ####...
 Ozocubu's Armour         Chrm/Ice       #.......     100%        3    ####...
 Spectral Weapon          Hex/Chrm       #.......     100%        3    ####...
 Spider Form              Tmut/Pois      #.........   100%        3    ####...
 Hailstorm                Conj/Ice       #.......     100%        4    #####..
 Ice Form                 Ice/Tmut       #.......     100%        4    #####..
 Olgreb's Toxic Radiance  Pois           #.......     100%        4    #####..
 Summon Ice Beast         Ice/Summ       #.......     100%        4    #####..
 Summon Lightning Spire   Summ/Air       #.......     100%        4    #####..
 Blade Hands              Tmut           #.........   100%        5    ######.
 Borgnjor's Vile Clutch   Necr/Erth      #.........   100%        5    ######.
 Excruciating Wounds      Chrm/Necr      #.........   100%        5    ######.
 Silence                  Hex/Air        #.........   100%        5    ######.
 Darkness                 Hex            #.........   100%        6    #######
 Shadow Creatures         Summ           N/A          100%        6    #######
 Starburst                Conj/Fire      #.........   100%        6    #######


Dungeon Overview and Level Annotations

Branches:
Dungeon (1/1)

Altars:
Cheibriados
Dithmenos
Elyvilon
Fedhas
Gozag
Hepliaklqana
Kikubaaqudgha
Makhleb
Nemelex Xobeh
Okawaru
Qazlal
Ru
Sif Muna
Trog
Uskayaw
Vehumet
Wu Jian
Xom
Yredelemnul
Zin
The Shining One
Beogh
Jiyva
Lugonu

Shops:
D :[[[?[}=?(=}!:[(!%**:

Annotations:
D exclusions: door and orange crystal statue, Roxanne


Innate Abilities, Weirdness & Mutations

You are resistant to damage.
You can heal yourself by infusing magical energy.
You resist negative energy. (rN+)
You passively map the area around you.
You do not regenerate.
You have a beak for a mouth.
You are partially covered in molten scales. (AC +2)
You are agile. (Dex +2)
You tend to lose your temper in combat.
Scrolls take you a little longer to read.
Armour fits poorly on your strangely shaped body.
You are very frail. (-20% HP)
Your magical capacity is low. (-10% MP)
You are weak. (Str -2)
You evolve.
Potions are less effective at restoring your health.


Message History

The bolt of cold hits you!!!
* * * LOW HITPOINT WARNING * * *
Your magical essence is drained by the effort!
You feel much better.
The Ice Fiend claws you but does no damage. x2
You feel yourself speed up.
The Ice Fiend claws you but does no damage.
You block the Ice Fiend's attack.
You feel much better.
The Ice Fiend calls on the powers of darkness!
Your body is wracked with pain!
You hit the Ice Fiend but do no damage.
The Ice Fiend is moderately wounded.
Okay, then.
Evoke which item? (* to show all) (? for menu, Esc to quit)
Okay, then.
A demon appears!
The Ice Fiend claws you.
* * * LOW HITPOINT WARNING * * *
The Ice Fiend freezes you!!
You die...

.....2▓▓.⌠.▓.▓.'≈..§§.#
.)...[▓▓...▓.▓.'≈.§≈'.#
....).▓▓.).▓^▓.'≈..§§.#
.[....▓▓...▓.▓.'§§.§'.#
.)....▓▓...▓.▓.'≈.§§'§#
...)..▓▓.).▓)▓)▓≈.§§▓=#
....).▓▓...▓.▓.▓§§§§▓.#
▓▓▓▓'▓▓▓▓'▓▓§▓▓▓§1§§▓▓#
≈≈≈≈...≈≈≈▓§§..§@.§##
##'###.≈≈≈▓§§§§§.2##
.#≈≈≈##≈≈≈▓§§§§§§##
.#≈§§§####▓▓▓▓▓§##
.#§§§≈§##..#,,▓≈#
.#≈§§§§≈#..#,,▓≈#
.#≈§≈≈§§§..+,,▓≈#
_#§§≈§≈§#§.#,,▓≈#
.#≈§§≈≈≈▓..#,,▓≈#


You could see an Ice Fiend and a friendly green death (summoned).

Vanquished Creatures
  the Lernaean hydra (D)
  An electric golem (D)
  A hellephant (D)
  3 quicksilver dragons (D)
  A deep elf blademaster (D)
  A kraken (D)
  A deep elf master archer (D)
  Murray (D)
  Gastronok (D)
  An orc warlord (D)
  A draconian shifter (D)
  Nessos (D)
  3 lorocyprocas (D)
  A dire elephant (D)
  A crystal guardian (D)
  A great orb of eyes (D)
  An ice dragon (D)
  An iron elemental (D)
  A death yak (D)
  2 hell hogs (D)
  Sonja (D)
  An iron golem (D)
  3 sixfirhies (D)
  A glowing orange brain (D)
  2 unseen horrors (D)
  2 deep trolls (D)
  2 death drakes (D)
  An obsidian statue (D)
  A harpy (D)
  3 orc sorcerers (D)
  15 shining eyes (D)
  An oklob plant (D)
  3 manticores (D)
  An ice statue (D)
  3 toenail golems (D)
  An eye of devastation (D)
  A yaktaur (D)
  5 polar bears (D)
  A hornet (D)
  2 tyrant leeches (D)
  3 hippogriffs (D)
  18 flying skulls (D)
  2 wyverns (D)
  Menkaure (D)
  10 floating eyes (D)
  2 swamp drakes (D)
  4 necrophages (D)
  4 crocodiles (D)
  2 earth elementals (D)
  A scorpion (D)
  A jelly (D)
  4 orc priests (D)
  4 worker ants (D)
  3 worms (D)
  2 spectral bats (D)
  A ballistomycete spore (D)
  2 tentacles (D)
139 creatures vanquished.

Vanquished Creatures (others)
  A ballistomycete spore (D)
  19 tentacles (D)
20 creatures vanquished.

Grand Total: 159 creatures vanquished

Notes
Turn   | Place    | Note
-------+----------+-------------------------------------------
     0 | D        | jt the Deep Dwarf Fighter began the quest for the Orb.
     0 | D        | Reached XP level 1. HP: 20/20 MP: 1/1
     1 | D        | Noticed a necrophage
     1 | D        | Noticed a necrophage
     1 | D        | Noticed a necrophage
     1 | D        | Noticed a necrophage
    21 | D        | Killed a necrophage
    21 | D        | Reached XP level 2. HP: 24/27 MP: 2/2
    21 | D        | Reached XP level 3. HP: 29/33 MP: 3/3
    21 | D        | Reached XP level 4. HP: 35/40 MP: 4/4
    25 | D        | Killed a necrophage
    25 | D        | Reached XP level 5. HP: 37/45 MP: 5/5
    28 | D        | Killed a necrophage
    28 | D        | Reached skill level 10 in Shields
    39 | D        | Killed a necrophage
    39 | D        | Reached skill level 10 in Axes
    39 | D        | Reached XP level 6. HP: 25/53 MP: 6/6
    48 | D        | Noticed an orange crystal statue
    85 | D        | Found an iron altar of Okawaru.
    85 | D        | Found a radiant altar of Vehumet.
    86 | D        | Found a glowing silver altar of Zin.
    87 | D        | Found a sparkling altar of Nemelex Xobeh.
    87 | D        | Found a hide-covered altar of Uskayaw.
    87 | D        | Found a basalt altar of Yredelemnul.
    88 | D        | Found an opulent altar of Gozag.
    88 | D        | Found a burning altar of Makhleb.
    88 | D        | Found a bloodstained altar of Trog.
    88 | D        | Found a shimmering altar of Xom.
    89 | D        | Found a blossoming altar of Fedhas.
    89 | D        | Found a corrupted altar of Lugonu.
    89 | D        | Found a shimmering blue altar of Sif Muna.
    99 | D        | Found a white marble altar of Elyvilon.
    99 | D        | Found an ancient bone altar of Kikubaaqudgha.
   102 | D        | Found a shadowy altar of Dithmenos.
   102 | D        | Found a viscous altar of Jiyva.
   102 | D        | Found a sacrificial altar of Ru.
   103 | D        | Found a snail-covered altar of Cheibriados.
   105 | D        | Found a roughly hewn altar of Beogh.
   105 | D        | Found a hazy altar of Hepliaklqana.
   106 | D        | Found a glowing golden altar of the Shining One.
   106 | D        | Found an ornate altar of the Wu Jian Council.
   106 | D        | Found a stormy altar of Qazlal.
   109 | D        | Became a worshipper of Makhleb the Destroyer
   118 | D        | Noticed a great orb of eyes
   120 | D        | Paralysed by a great orb of eyes for 4 turns
   135 | D        | Paralysed by a great orb of eyes for 7 turns
   146 | D        | Paralysed by a great orb of eyes for 7 turns
   159 | D        | Killed a great orb of eyes
   159 | D        | Reached XP level 7. HP: 31/61 MP: 0/6
   159 | D        | Reached XP level 8. HP: 34/68 MP: 0/7
   177 | D        | Noticed a death yak
   189 | D        | Killed a death yak
   224 | D        | Noticed a tyrant leech
   224 | D        | Noticed a tyrant leech
   241 | D        | Noticed an obsidian statue
   245 | D        | Found Feetouse's Food Emporium.
   246 | D        | Found Cyecen Imuymn's Antique Weapon Shoppe.
   247 | D        | Found Zost's Distillery.
   247 | D        | Found Qacsasiy's Gadget Emporium.
   247 | D        | Found Vinovefacwa's Jewellery Shoppe.
   248 | D        | Found Vesul's Jewellery Emporium.
   248 | D        | Found Nofodwu's Gadget Shoppe.
   248 | D        | Found Leczaoc's Antique Armour Shoppe.
   248 | D        | Found Pymovuohaub's Antique Armour Emporium.
   249 | D        | Found Fedaefo's Magic Scroll Shoppe.
   249 | D        | Found Wuocvesi's Antique Armour Emporium.
   249 | D        | Found Vutish's Distillery.
   249 | D        | Found Joak's Antique Weapon Emporium.
   250 | D        | Found Laech's Assorted Antiques.
   250 | D        | Found Ochasa's Book Emporium.
   252 | D        | Noticed Menkaure
   252 | D        | Noticed an oklob plant
   253 | D        | Found Koda's Book Shoppe.
   264 | D        | Killed Menkaure
   264 | D        | Reached * piety under Makhleb
   264 | D        | Reached skill level 15 in Shields
   269 | D        | Noticed a hippogriff
   284 | D        | Bought a pair of glowing gloves for 180 gold pieces
   294 | D        | Bought a runed scarf for 168 gold pieces
   319 | D        | Reached skill level 15 in Axes
   340 | D        | Reached ** piety under Makhleb
   346 | D        | Gained mutation: You passively map the area around you.
                  | [Deep Dwarf growth]
   346 | D        | Reached XP level 9. HP: 63/74 MP: 8/8
   373 | D        | Noticed a polar bear
   373 | D        | Noticed a polar bear
   374 | D        | Noticed a polar bear
   404 | D        | Paralysed by a hornet for 2 turns
   424 | D        | Killed a polar bear
   424 | D        | Reached *** piety under Makhleb
   424 | D        | Reached skill level 1 in Dodging
   424 | D        | Reached skill level 2 in Invocations
   433 | D        | Killed a polar bear
   433 | D        | Reached skill level 3 in Invocations
   445 | D        | Killed a polar bear
   445 | D        | Reached skill level 4 in Invocations
   466 | D        | Noticed a yaktaur
   479 | D        | Killed a yaktaur
   479 | D        | Reached skill level 5 in Armour
   485 | D        | Noticed a death drake
   530 | D        | Killed a death drake
   530 | D        | Reached **** piety under Makhleb
   530 | D        | Reached skill level 5 in Fighting
   530 | D        | Reached skill level 5 in Dodging
   530 | D        | Reached skill level 6 in Invocations
   616 | D        | Bought a twisted plate armour for 588 gold pieces
   626 | D        | Identified the +6 plate armour of Duty {Stlth+} (You bought
                  | it in a shop in the Dungeon)
   680 | D        | Reached skill level 7 in Invocations
   693 | D        | Noticed a kraken
   930 | D        | Reached ***** piety under Makhleb
   997 | D        | Bought a scroll of remove curse for 30 gold pieces
  1003 | D        | Bought a scroll labeled ROUF HYBIYRPHUT for 24 gold pieces
  1003 | D        | Bought a dark potion for 21 gold pieces
  1036 | D        | Killed an obsidian statue
  1036 | D        | Reached skill level 9 in Invocations
  1036 | D        | Reached XP level 10. HP: 85/94 MP: 11/14
  1053 | D        | Got a translucent long sword
  1054 | D        | Identified the +9 long sword of Ambiguity {pain, rC+ MP+9
                  | Str+3} (You found it in the Dungeon)
  1072 | D        | Noticed a death drake
  1086 | D        | Killed a death drake
  1086 | D        | Reached skill level 10 in Invocations
  1136 | D        | Noticed a deep troll
  1136 | D        | Noticed a deep troll
  1149 | D        | Killed a deep troll
  1149 | D        | Reached skill level 11 in Invocations
  1158 | D        | Killed a deep troll
  1158 | D        | Reached skill level 12 in Invocations
  1237 | D        | Bought a wand of digging (5) for 252 gold pieces
  1239 | D        | Bought a potion of flight for 33 gold pieces
  1258 | D        | Identified the +10 battleaxe of Hatred {vorpal, rC+ Stlth+}
  1259 | D        | Found Kewinic's Assorted Antiques.
  1261 | D        | Found Joggaz's Book Shoppe.
  1265 | D        | Identified the +7 long sword "Qiavoziogyu" {freeze, rF+
                  | rC+}
  1265 | D        | Identified the +4 arbalest of Dividends {penet, rPois rC-
                  | MP-9 Str+3}
  1286 | D        | Got a crude ivory amulet
  1323 | D        | Found Geroorr's Antique Armour Shoppe.
  1360 | D        | Identified the amulet "Qietics" {Inacc MR+ Str+5 Dex-5}
                  | (You found it in the Dungeon)
  1373 | D        | Noticed a sixfirhy
  1373 | D        | Noticed a sixfirhy
  1373 | D        | Noticed a sixfirhy
  1382 | D        | Killed a sixfirhy
  1382 | D        | Reached ****** piety under Makhleb
  1382 | D        | Reached skill level 13 in Invocations
  1392 | D        | Killed a sixfirhy
  1392 | D        | Reached skill level 10 in Fighting
  1396 | D        | Killed a sixfirhy
  1396 | D        | Reached skill level 14 in Invocations
  1400 | D        | Noticed Gastronok
  1408 | D        | Killed Gastronok
  1408 | D        | Reached XP level 11. HP: 111/111 MP: 18/18
  1411 | D        | Noticed a dire elephant
  1411 | D        | Noticed an orc sorcerer
  1411 | D        | Noticed an orc sorcerer
  1411 | D        | Noticed an orc sorcerer
  1423 | D        | Killed a dire elephant
  1423 | D        | Reached skill level 15 in Invocations
  1431 | D        | Killed an orc sorcerer
  1432 | D        | Noticed a soul eater
  1434 | D        | Gained mutation: You are clumsy. (Dex -2) [a neqoxec]
  1446 | D        | Killed an orc sorcerer
  1448 | D        | Killed an orc sorcerer
  1468 | D        | Found the +8 orange crystal plate armour {Archmagi, Int+3
                  | Clar}
  1482 | D        | Identified the Volume of Self-Improvement and Ignition
  1491 | D        | Got a faintly glowing glass ring
  1507 | D        | Identified Evetubap's Tome of Toxins and Protection
  1534 | D        | Identified the Reference Book on Ice and Necromancy
  1559 | D        | Identified Roxanne's Handbook of Transmutation
  1559 | D        | Noticed Roxanne
  1564 | D        | Identified the ring of Xom's Ringing Laughter {EV+5 Dex+3}
                  | (You found it in the Dungeon)
  1592 | D        | Bought a scroll labeled JOEMAL YM LOIZ for 19 gold pieces
  1592 | D        | Bought a scroll labeled ROUF HYBIYRPHUT for 19 gold pieces
  1601 | D        | Identified 5 scrolls of acquirement
  1603 | D        | Identified the +0 pair of boots "Woqasur" {rN+ SInv} (You
                  | acquired it in the Dungeon)
  1603 | D        | Identified the amulet of Raosminy {Gourm MR+ Int+2} (You
                  | acquired it in the Dungeon)
  1606 | D        | Identified the +4 war axe of Rubbish {vamp, rElec rF+
                  | Str+4} (You acquired it in the Dungeon)
  1608 | D        | Identified the +4 kite shield of Sovereignty {Regen+} (You
                  | acquired it in the Dungeon)
  1608 | D        | Identified the ring "Hutukymn" {rF+ rN+ Int+2} (You
                  | acquired it in the Dungeon)
  1610 | D        | Lost mutation: You are clumsy. (Dex -2) [potion of
                  | mutation]
  1610 | D        | Gained mutation: Your spells are a little harder to cast,
                  | but a little more powerful. [potion of mutation]
  1610 | D        | Gained mutation: You are partially covered in thin metallic
                  | scales. (AC +2) [potion of mutation]
  1610 | D        | Gained mutation: Your flesh is cold resistant. (rC+)
                  | [potion of mutation]
  1638 | D        | Reached skill level 16 in Invocations
  1679 | D        | Noticed the 27-headed Lernaean hydra
  1700 | D        | Killed the 26-headed Lernaean hydra
  1700 | D        | Reached skill level 17 in Invocations
  1700 | D        | Reached XP level 12. HP: 60/129 MP: 17/17
  1716 | D        | Noticed an orc warlord
  1754 | D        | Killed an orc warlord
  1754 | D        | Reached skill level 18 in Invocations
  1769 | D        | Reached skill level 15 in Fighting
  1901 | D        | Found Uxzitoad's Magic Scroll Emporium.
  1908 | D        | Found Wezaiqot's Armour Shoppe.
  1910 | D        | Noticed Nessos
  1926 | D        | Killed Nessos
  1926 | D        | Reached skill level 10 in Evocations
  1932 | D        | Bought a scroll of enchant armour for 90 gold pieces
  1932 | D        | Bought a scroll of blinking for 90 gold pieces
  1932 | D        | Bought a scroll of blinking for 90 gold pieces
  1938 | D        | Identified the ring of Rithomaz {+Fly Str+4} (You acquired
                  | it in the Dungeon)
  2112 | D        | Bought a scroll of enchant weapon for 75 gold pieces
  2115 | D        | Bought a wand of acid (9) for 364 gold pieces
  2115 | D        | Bought a wand of acid (3) for 196 gold pieces
  2115 | D        | Bought a phial of floods for 560 gold pieces
  2166 | D        | Killed a kraken
  2166 | D        | Reached skill level 19 in Invocations
  2172 | D        | Noticed a hellephant
  2172 | D        | Noticed Sonja
  2172 | D        | Noticed a purple draconian shifter
  2175 | D        | Killed Sonja
  2213 | D        | Killed a purple draconian shifter
  2229 | D        | Killed a hellephant
  2229 | D        | Reached XP level 13. HP: 137/142 MP: 19/19
  2257 | D        | Noticed a deep elf blademaster
  2275 | D        | Killed a deep elf blademaster
  2356 | D        | Reached skill level 20 in Invocations
  2404 | D        | Gained mutation: You are dopey. (Int -2) [a shining eye]
  2406 | D        | Gained mutation: Scrolls take you a little longer to read.
                  | [a shining eye]
  2407 | D        | Gained mutation: Potions are less effective at restoring
                  | your health. [a shining eye]
  2407 | D        | Gained mutation: You are frail. (-10% HP) [a shining eye]
  2410 | D        | Paralysed by a floating eye for 4 turns
  2412 | D        | Gained mutation: You are weak. (Str -2) [a shining eye]
  2414 | D        | Gained mutation: Your magical capacity is low. (-10% MP) [a
                  | shining eye]
  2415 | D        | Gained mutation: You occasionally shout uncontrollably at
                  | your foes. [a shining eye]
  2415 | D        | Gained mutation: Your magical capacity is very low. (-20%
                  | MP) [a shining eye]
  2417 | D        | Gained mutation: You are very dopey. (Int -4) [a shining
                  | eye]
  2417 | D        | Gained mutation: Armour fits poorly on your strangely
                  | shaped body. [a shining eye]
  2417 | D        | Gained mutation: You are very weak. (Str -4) [a shining
                  | eye]
  2418 | D        | Reached skill level 10 in Armour
  2420 | D        | Paralysed by a floating eye for 4 turns
  2421 | D        | Lost mutation: Your spells are a little harder to cast, but
                  | a little more powerful. [a shining eye]
  2424 | D        | Gained mutation: You are very frail. (-20% HP) [a shining
                  | eye]
  2427 | D        | Gained mutation: Your spells are a little easier to cast,
                  | but a little less powerful. [a shining eye]
  2429 | D        | Gained mutation: Your body sometimes deteriorates upon
                  | taking damage. [a shining eye]
  2466 | D        | Lost mutation: You are partially covered in thin metallic
                  | scales. (AC +2) [potion of mutation]
  2466 | D        | Lost mutation: You occasionally shout uncontrollably at
                  | your foes. [potion of mutation]
  2466 | D        | Lost mutation: You are very weak. (Str -4) [potion of
                  | mutation]
  2466 | D        | Lost mutation: Your magical capacity is very low. (-20% MP)
                  | [potion of mutation]
  2466 | D        | Gained mutation: You are agile. (Dex +2) [potion of
                  | mutation]
  2467 | D        | Lost mutation: Your spells are a little easier to cast, but
                  | a little less powerful. [potion of mutation]
  2467 | D        | Lost mutation: Your flesh is cold resistant. (rC+) [potion
                  | of mutation]
  2467 | D        | Lost mutation: You are very dopey. (Int -4) [potion of
                  | mutation]
  2467 | D        | Lost mutation: Your magical capacity is low. (-10% MP)
                  | [potion of mutation]
  2467 | D        | Gained mutation: You have sharp toenails. [potion of
                  | mutation]
  2468 | D        | Lost mutation: Your body sometimes deteriorates upon taking
                  | damage. [potion of mutation]
  2468 | D        | Lost mutation: You are dopey. (Int -2) [potion of mutation]
  2468 | D        | Lost mutation: You have sharp toenails. [potion of
                  | mutation]
  2468 | D        | Gained mutation: You are partially covered in molten
                  | scales. (AC +2) [potion of mutation]
  2468 | D        | Gained mutation: You evolve. [potion of mutation]
  2538 | D        | Noticed a crystal guardian
  2547 | D        | Killed a crystal guardian
  2559 | D        | Noticed a deep elf master archer
  2563 | D        | Gained mutation: Your magical capacity is low. (-10% MP) [a
                  | shining eye]
  2564 | D        | Gained mutation: You have a beak for a mouth. [a shining
                  | eye]
  2567 | D        | Gained mutation: You tend to lose your temper in combat. [a
                  | shining eye]
  2568 | D        | Reached skill level 21 in Invocations
  2583 | D        | Killed a deep elf master archer
  2583 | D        | Reached skill level 15 in Evocations
  2774 | D        | Bought a potion of resistance for 110 gold pieces
  2820 | D        | Noticed an electric golem
  2829 | D        | Gained mutation: You resist negative energy. (rN+) [Deep
                  | Dwarf growth]
  2829 | D        | Reached XP level 14. HP: 124/124 MP: 19/19
  2857 | D        | Killed an electric golem
  2857 | D        | Reached skill level 22 in Invocations
  2874 | D        | Identified Peyhid's Papyrus of Lightness and the Glacier
  2941 | D        | Bought an uncursed ring of see invisible for 150 gold
                  | pieces
  3077 | D        | Noticed a quicksilver dragon
  3095 | D        | Killed a quicksilver dragon
  3128 | D        | Noticed a quicksilver dragon
  3141 | D        | Killed a quicksilver dragon
  3177 | D        | Noticed a quicksilver dragon
  3199 | D        | Killed a quicksilver dragon
  3226 | D        | Noticed Murray
  3249 | D        | Killed Murray
  3249 | D        | Reached skill level 23 in Invocations
  3252 | D        | Got the Orb of Zot
  3299 | D        | Noticed an Ice Fiend
  3316 | D        | Slain by an Ice Fiend

Illustrated notes

Levels and vault maps discovered:
D:        the_violet_keep_of_menkaure [sprint2_stairs_cluster_1,
          sprint2_shoproom, sprint2_temple, sprint2_basic_supplies,
          sprint2_obstacle_3, sprint2_obstacle_1, sprint2_obstacle_4,
          sprint2_obstacle_2, sprint2_obstacle_6, sprint2_timed_cluster_1,
          sprint2_smallroom_cluster_1, sprint2_smallroom_final_cluster_1,
          sprint2_transparent_cluster_1, sprint2_second_timed_cluster_1,
          sprint2_sniper_area_1, sprint2_heavy_combat_area_1,
          sprint2_mutation_trap_area_1, sprint2_forest_area_1,
          sprint2_light_combat_area_1, sprint2_behind_water_1,
          sprint2_near_end_vault_1]

Skill      XL: |  1  2  3  4  5  6  7  8  9 10 11 12 13 14 |
---------------+-------------------------------------------+-----
Axes           | 6 8 10 13 15 16 18 19 20 | 20.0
Shields        | 7 9 10 13 15 | 15.0
Fighting       | 7 11 14 16 18 19 | 19.1
Dodging        | 5 |  5.0
Invocations    | 9 14 17 19 21 23 | 23.1
Armour         | 6 8 12 14 | 14.7
Evocations     | 6 12 16 18 | 18.2

Action                   |  1- 3 |  4- 6 |  7- 9 | 10-12 | 13-15 || total
-------------------------+-------+-------+-------+-------+-------++-------
Melee: War axe           |    18 |    56 |   178 |    46 |       ||   298
       Battleaxe         |       |       |       |   110 |       ||   110
       Broad axe         |       |       |       |   132 |   268 ||   400
       Peck              |       |       |       |       |    49 ||    49
Invok: Major Destruction |       |       |       |     8 |       ||     8
       Greater Servant o |       |       |       |       |     1 ||     1
 Abil: Heal Wounds       |     1 |     5 |    14 |     6 |     7 ||    33
Evoke: Wand              |       |       |       |     2 |     3 ||     5
       Lightning rod     |       |       |       |     7 |       ||     7
  Use: Potion            |     1 |     3 |     3 |    14 |    15 ||    36
       Scroll            |       |       |     1 |    12 |     4 ||    17
  Eat: Ration            |       |       |     1 |       |       ||     1
       Chunk             |       |       |       |     2 |    13 ||    15
Armor: Scale mail        |     4 |    11 |    39 |       |       ||    54
       Plate armour      |       |       |     9 |    33 |       ||    42
       Crystal plate arm |       |       |       |   164 |   125 ||   289
Dodge: Dodged            |     4 |     6 |    63 |    71 |    84 ||   228
Block: Kite shield       |     4 |    29 |   107 |    87 |   185 ||   412

Table legend:
 A = Non-vault XP
 B = Vault XP
 C = Vault XP percentage of total XP
 D = Non-vault monster count
 E = Vault monster count
 F = Vault count percentage of total count
                 A         B        C        D         E       F
            +---------+---------+-------+---------+---------+-------
      Total |    2276 |   80563 |  97.3 |       1 |     135 |  99.3
            +---------+---------+-------+---------+---------+-------
          D |    2276 |   80563 |  97.3 |       1 |     135 |  99.3
            +---------+---------+-------+---------+---------+-------
